AoeStats
← Fideos+Salsa

MegaRandom

509962450Analyzed
4v4 RM · 3d ago on Sep 28, 2026· 68m 15s· 8 players
Game mode
Random Map
Map size
Large (8 player)
Population
200
Speed
Normal
Resources
Standard
Victory
Conquest
Starting age
Dark Age
Ending age
Imperial Age
RankedLock teamsTeams togetherTeam positionsShared explorationLock speedFull tech treeHidden civsTurbo modeCheats
Victory
Defeat
🇨🇱 Byzantines · Chile
664
+16
🇲🇽 Mongols · Mexico
657
+16
🇹🇷 Vietnamese · Türkiye
571
+20
🇺🇸 Teutons · United States
568
+20
🇷🇺 Aztecs · Russia
735
-20
🇬🇧 Turks · United Kingdom
659
-42
🇷🇺 Byzantines · Russia
623
-36
🇧🇬 Franks · Bulgaria
623
-36
NC Buss
0:31 Loom
10:12 Feudal Age
11:00 Double-Bit Axe
12:32 Horse Collar
22:18 Castle Age
20:53 Stone Mining
20:57 Gold Mining
23:10 Bow Saw
32:12 Caravan
32:42 Forging
32:22 Arson
32:38 Squires
32:46 Town Watch
33:51 Forging
33:41 Scale Mail Armor
38:14 Imperial Age
37:08 Masonry
38:02 Iron Casting
37:43 Chain Mail Armor
38:20 Elite Teutonic Knight
39:35 Conscription
44:31 Blast Furnace
44:17 Plate Mail Armor
51:55 Cavalier
55:23 Paladin
57:27 Wheelbarrow
56:53 Town Patrol
57:17 Bloodlines
57:17 Scale Barding Armor
59:36 Chemistry
58:58 Ballistics
62:19 Chain Barding Armor
67:03 Plate Barding Armor
chuchorex123
0:31 Loom
12:08 Feudal Age
13:13 Double-Bit Axe
20:32 Castle Age
19:46 Gold Mining
19:48 Stone Mining
24:02 Fishing Lines
27:23 Town Watch
28:29 Fervor
32:33 Imperial Age
30:08 Town Patrol
30:44 Wheelbarrow
32:26 Caravan
32:56 Bow Saw
32:52 Gillnets
33:06 Fletching
33:16 Padded Archer Armor
33:48 Ballistics
35:05 Bodkin Arrow
37:24 Hand Cart
37:47 Drill
40:48 Chemistry
39:58 Fortified Wall
40:10 Bracer
40:26 Leather Archer Armor
40:45 Elite Mangudai
43:48 Conscription
43:35 Onager
44:22 Nomads
45:01 Scale Barding Armor
51:43 Siege Onager
58:41 Capped Ram
65:02 Cavalier
65:43 Husbandry
65:54 Bloodlines
65:04 Light Cavalry
65:05 Heavy Camel Rider
65:13 Pikeman
65:53 Squires
66:22 Parthian Tactics
65:18 Heavy Cavalry Archer
66:04 Thumb Ring
69:14 Coinage
Fideos+Salsa
0:43 Loom
14:48 Feudal Age
16:24 Double-Bit Axe
19:18 Horse Collar
26:28 Wheelbarrow
28:47 Castle Age
27:24 Wheelbarrow
29:13 Gold Mining
31:29 Fortified Wall
32:15 Bow Saw
34:45 Heavy Plow
35:22 Hand Cart
36:51 Gold Shaft Mining
36:07 Stone Mining
37:57 Arson
38:12 Squires
37:58 Gambesons
37:33 Pikeman
38:22 Thumb Ring
37:37 Crossbowman
37:38 Elite Skirmisher
43:30 Imperial Age
42:31 Medium Warships
46:07 Elite Varangian Guard
47:17 Conscription
51:20 Chemistry
51:58 Greek Fire
52:29 Logistica
55:50 Scale Mail Armor
56:03 Forging
55:56 Padded Archer Armor
55:46 Fletching
60:39 Elite Cataphract
FENERBAHCE
12:29 Feudal Age
20:02 Castle Age
23:35 Caravan
25:01 Gold Mining
37:31 Imperial Age
35:37 Wheelbarrow
34:48 Town Watch
34:49 Loom
34:53 Double-Bit Axe
35:05 Stone Mining
37:29 Chatras
41:09 Bow Saw
40:44 Horse Collar
41:48 Stone Shaft Mining
44:40 Paper Money
47:19 Chemistry
46:24 Siege Engineers
46:43 Ballistics
47:15 Elite Rattan Archer
52:04 Forging
51:44 Fletching
51:56 Scale Mail Armor
52:02 Scale Barding Armor
51:58 Padded Archer Armor
52:52 Sappers
53:59 Hoardings
56:04 Leather Archer Armor
55:46 Bodkin Arrow
56:26 Iron Casting
60:52 Ring Archer Armor
60:37 Chain Mail Armor
60:23 Bracer
60:44 Chain Barding Armor
62:42 Siege Engineers
63:12 Plate Mail Armor
64:23 Capped Ram
68:05 Masonry
67:41 Treadmill Crane
67:51 Heated Shot
68:40 Bombard Tower
68:05 Arrowslits
68:10 Guard Tower
68:30 Fortified Wall
68:15 Murder Holes
68:31 Fortified Wall
68:11 Guard Tower
68:56 Plate Barding Armor
Isya
11:27 Feudal Age
12:15 Double-Bit Axe
16:38 Wheelbarrow
16:33 Horse Collar
22:08 Castle Age
21:09 Forging
23:40 Man-at-Arms
26:07 Long Swordsman
28:06 Iron Casting
32:59 Fletching
34:32 Bodkin Arrow
34:40 Scale Mail Armor
38:50 Imperial Age
39:55 Ballistics
40:32 Hand Cart
41:08 Bracer
42:09 Blast Furnace
41:14 Padded Archer Armor
40:39 Two-Handed Swordsman
42:31 Conscription
42:15 Artillery
44:22 Blast Furnace
46:43 Leather Archer Armor
52:00 Champion
55:36 Squires
56:22 Caravan
Тётя Чика
14:14 Feudal Age
14:45 Double-Bit Axe
15:01 Gold Mining
16:21 Fishing Lines
18:49 Loom
19:44 Wheelbarrow
22:06 Stone Mining
25:50 Castle Age
27:11 Scale Barding Armor
29:03 Gold Shaft Mining
28:44 Bow Saw
28:57 Chain Barding Armor
31:07 Caravan
31:38 Coinage
32:58 Husbandry
33:27 Hand Cart
33:04 Ordonnance Companies
38:40 Imperial Age
39:38 Chivalry
40:14 Conscription
40:34 Plate Barding Armor
40:20 Forging
40:10 Scale Mail Armor
40:11 Padded Archer Armor
40:01 Fletching
40:19 Cavalier
41:43 Paladin
43:16 Iron Casting
44:12 Banking
49:47 Blast Furnace
56:01 Light Cavalry
Kopcap
12:01 Feudal Age
17:44 Castle Age
16:34 Wheelbarrow
15:45 Loom
15:55 Double-Bit Axe
26:00 Bow Saw
25:32 Horse Collar
25:50 Gold Mining
25:50 Stone Mining
27:00 Hand Cart
33:38 Imperial Age
31:54 Caravan
31:33 Man-at-Arms
31:59 Gambesons
32:14 Squires
31:59 Arson
32:51 Long Swordsman
34:22 Forging
34:17 Scale Mail Armor
35:03 Conscription
35:24 Garland Wars
34:38 Two-Handed Swordsman
35:23 Champion
38:10 Heavy Plow
39:05 Capped Ram
41:49 Pikeman
49:11 Iron Casting
48:51 Chain Mail Armor
51:36 Crop Rotation
52:11 Blast Furnace
52:56 Plate Mail Armor
52:29 Siege Ram
Cybertyank
12:55 Feudal Age
14:15 Wheelbarrow
13:28 Loom
13:32 Double-Bit Axe
13:30 Horse Collar
14:34 Man-at-Arms
17:33 Forging
17:24 Scale Mail Armor
17:29 Padded Archer Armor
24:39 Fletching
25:18 Gold Mining
25:19 Stone Mining
29:27 Castle Age
29:56 Gambesons
29:31 Long Swordsman
30:55 Thumb Ring
31:12 Hand Cart
31:19 Elite Skirmisher
40:23 Iron Casting
40:04 Chain Mail Armor
40:05 Leather Archer Armor
39:45 Bodkin Arrow
43:28 Bow Saw
43:21 Heavy Plow
60:28 Imperial Age
60:51 Crossbowman
63:37 Two-Man Saw
66:49 Light Cavalry
67:32 Husbandry
Connection lost

Rejoining the realm…

Still unreachable

The connection could not be restored.

Session expired

The server has moved on; the page needs a fresh start.